 Dungeon Crawl Stone Soup version 0.31.0-4-g52a2dc7128 (console) character file.

Game seed: 6834840742895376343

207 AlterAsc the Slasher (level 5, -13/30 HPs)
             Began as a Tengu Gladiator on Jan 23, 2024.
             Killed by divine providence
             ... invoked by an orc priest
              (15 damage)
             ... on level 4 of the Dungeon.
             The game lasted 00:05:40 (2365 turns).

AlterAsc the Slasher (Tengu Gladiator)              Turns: 2365, Time: 00:05:40

Health: -13/30     AC:  9    Str: 14    XL:     5   Next: 85%
Magic:  6/6        EV: 11    Int:  9    God:
Gold:   172        SH:  4    Dex: 17    Spells: 4/4 levels left

rFire   . . .        a - +0 long sword
rCold   . . .        i - +0 buckler
rNeg    . . .        p - +0 ring mail
rPois   .            c - +0 hat
rElec   .            (no cloak)
rCorr   .            (no gloves)
SInv    .            (boots unavailable)
Will    .....        (no amulet)
Stlth   +            r - +4 ring of protection
HPRegen 0.25/turn    (no ring)
MPRegen 0.10/turn

%: acrobat
@: no status effects
A: beak, talons 3, acrobatic
a: no special abilities


You were on level 4 of the Dungeon.
You visited 1 branch of the dungeon, and saw 4 of its levels.

You collected 172 gold pieces.

Inventory:

Hand Weapons
 a - a +0 long sword (weapon)
 k - a +0 short sword of protection
Missiles
 d - 3 throwing nets (quivered)
 e - a javelin
Armour
 b - a +0 leather armour
 c - a +0 hat (worn)
 f - a +0 hat
 i - a +0 buckler (worn)
 p - a +0 ring mail (worn)
Jewellery
 r - a +4 ring of protection (left hand)
Scrolls
 g - a scroll of vulnerability {unknown}
 m - a scroll of identify
 n - a scroll of enchant armour {unknown}
 s - a scroll of teleportation {unknown}
Potions
 h - 2 potions of mutation
 j - 2 potions of lignification {unknown}
 l - a potion of attraction {unknown}
 o - a potion of brilliance {unknown}
 q - a potion of ambrosia {unknown}
 t - a potion of curing {unknown}


   Skills:
 - Level 2.0 Fighting
 + Level 7.0 Long Blades
 - Level 2.0 Throwing
 - Level 3.2 Dodging


You had 4 spell levels left.
You didn't know any spells.
Your spell library contained the following spells:

 Spells                   Type           Power      Damage    Failure   Level
 Sting                    Conj/Alch      0%         1d3       75%         1
 Mercury Vapours          Alch/Air       0%         N/A       87%         2
 Olgreb's Toxic Radiance  Alch           0%         N/A       100%        4
 Malign Gateway           Summ/Tloc      0%         N/A       100%        7
 Summon Horrible Things   Summ           0%         N/A       100%        8


Dungeon Overview and Level Annotations

Branches:
Dungeon (4/15)
 Temple: D:4-7

Altars:
Wu Jian


Innate Abilities, Weirdness & Mutations

You have a beak for a mouth.
You have claws for feet.
You can magically evade attacks while moving or waiting.


Message History

You claw the orc priest, but do no damage.
The orc priest is moderately wounded.
The orc priest closely misses you.
You hit the orc priest. You claw the orc priest.
The orc priest is almost dead.
An orc comes into view. It is wielding a +0 club.
The orc priest barely misses you.
You hit the orc priest but do no damage.
Your peck misses the orc priest.
The orc priest is almost dead.
The orc priest hits you with a +0 club.
You hit the orc priest.
The orc priest is almost dead.
The orc priest closely misses you.
An orc priest comes into view. It is wielding a +0 club.
You completely miss the orc priest.
The orc priest is almost dead.
The orc priest closely misses you.
You barely miss the orc priest.
The orc priest is almost dead.
The orc hits you but does no damage.
The orc priest mumbles some strange prayers to Beogh against you.
Beogh smites you!
Ouch! That really hurt!
The orc hits you but does no damage.
The orc priest hits you but does no damage.
The orc priest invokes the aid of Beogh against you.
Beogh smites you!
* * * LOW HITPOINT WARNING * * *
Okay, then.
Unknown command.
As you read the scroll labelled CEUNWAY VESM, it crumbles to dust.
It is a scroll of identify.
h - 2 potions of mutation The orc hits you but does no damage.
The orc priest hits you but does no damage.
The orc priest calls down the wrath of Beogh upon you.
Beogh smites you!
Ouch! That really hurt!
You die...

## .. #. # .. #. #. .##.#
## . ## .##o... # .. #.#.
##.#.o##.
#.##..#.##..#.##@o#.##
....##....##....##....# .
#..#.##..#.##..#.##..#
.##.#..##.#..##.#..# .
....##....##....##....#
##.#..##.#..##.#..##.#..#
#.##..#.##..#.##..# # #
....##....##....##..
.##..#.##..#.##..#.##
.##.#..##.#..# .#..#
....##....##....# ...


You could see 2 orc priests and an orc.

Vanquished Creatures
  A sleepcap (D:4)
  Jessica (D:2)
  6 adders
  A dart slug (D:4)
  A ribbon worm (D:2)
  3 orcs (D:3)
  9 ball pythons
  8 endoplasms
  5 giant cockroaches
  10 goblins
  8 hobgoblins
  6 jackals
  7 kobolds
  A quokka (D:2)
  11 bats
  7 rats
85 creatures vanquished.

Notes
Turn   | Place    | Note
-------+----------+-------------------------------------------
     0 | D:1      | AlterAsc the Tengu Gladiator began the quest for the Orb.
     0 | D:1      | Reached XP level 1. HP: 12/12 MP: 2/2
    90 | D:1      | Reached XP level 2. HP: 3/17 MP: 3/3
   104 | D:1      | Reached skill level 4 in Long Blades
   419 | D:1      | Reached XP level 3. HP: 21/21 MP: 4/4
  1071 | D:2      | Reached skill level 5 in Long Blades
  1120 | D:2      | Noticed Jessica
  1121 | D:2      | Reached XP level 4. HP: 26/26 MP: 5/5
  1130 | D:2      | Killed Jessica
  1216 | D:2      | Reached skill level 6 in Long Blades
  1231 | D:2      | Reached XP level 5. HP: 29/30 MP: 6/6
  1353 | D:2      | Found an ornate altar of the Wu Jian Council.
  1540 | D:2      | Found a faded altar of an unknown god.
  2356 | D:4      | Reached skill level 7 in Long Blades
  2365 | D:4      | Killed from afar by an orc priest

Illustrated notes

Levels and vault maps discovered:
D:1:      saegor_arrival_fortress, layout_basic, serial_forest,
          infiniplex_forest_clump_curved, infiniplex_forest_lined_2,
          infiniplex_forest_end_1, infiniplex_forest_straight_4,
          infiniplex_forest_clump_curved, infiniplex_forest_clump_long
D:2:      minmay_alternating_diamond, layout_rooms, basic_altar,
          hellmonk_ecumenical_altar_run_dry, kennysheep_generic_room_6,
          uniq_jessica
D:3:      layout_loops_ring
D:4:      layout_rooms, fiery_altar_vehumet, nicolae_eternal_life,
          minmay_misc_feat_alley, uniq_natasha

Skill      XL: |  1  2  3  4  5 |
---------------+----------------+-----
Long Blades    | 4 5 6 7 |  7.0
Fighting       | |  2.0
Throwing       | |  2.0
Dodging        | |  3.2

Action                     |  1- 3 |  4- 6 || total
---------------------------+-------+-------++-------
  Melee: Long sword        |    85 |    95 ||   180
         Kick              |    20 |    26 ||    46
         Peck              |     9 |    15 ||    24
         Short sword       |       |     7 ||     7
    Use: Scroll            |       |     1 ||     1
   Stab: Sleeping          |       |     3 ||     3
 Armour: Leather armour    |    39 |    24 ||    63
         Ring mail         |       |    21 ||    21
  Dodge: Dodged            |    84 |    55 ||   139
  Block: Buckler           |     9 |    21 ||    30
